Map: Galactic Process LE

Players

Elric

  • Race: Terran Terran
  • League: Silver

Plaguemessia - Winner!

  • Race: Terran Terran
  • League: Silver

VOD

Have the link to the VOD?

Description

Time

  • Played on: Nov. 16, 2016, 10:51 p.m.
  • Length: 24:20
Show
View Real Time Build Order
Export as new Build Order

Elric Terran 

Build Orders: MMM Bio 

Get SALT Encoding   

  12  0:01  SCV  
  13  0:13  SCV  
  14  0:18  Supply Depot  
  14  0:25  SCV  
  15  0:39  SCV  
  16  0:44  Barracks  
  16  0:51  SCV  
  17  1:00  Barracks  
  17  1:04  SCV  
  18  1:16  SCV  
  19  1:32  Marine  
  20  1:38  Supply Depot  
  20  1:39  Orbital Command  
  20  1:47  Barracks  
  20  1:50  Marine x2  
  22  2:00  Refinery  
  22  2:02  Refinery  
  22  2:07  Marine  
  22  2:08  Marine  
  24  2:19  SCV  
  25  2:25  Marine  
  25  2:26  Marine  
  27  2:36  Marine  
  28  2:50  Barracks Reactor  
  28  2:53  Supply Depot, Marine  
  29  3:05  Barracks  
  29  3:06  Barracks  
  29  3:07  SCV  
  29  3:10  Barracks  
  30  3:14  Marine x2  
  30  3:19  Supply Depot  
  32  3:21  SCV  
  33  3:30  Marine x2  
  33  3:34  Marine x2  
  37  3:42  SCV  
  38  3:49  Supply Depot  
  38  3:52  Barracks Reactor  
  38  3:54  Barracks Reactor  
  38  3:55  SCV  
  39  3:59  Marine x2  
  41  4:09  Barracks Tech Lab  
  41  4:11  Marine  
  41  4:12  Marine  
  41  4:16  Supply Depot  
  41  4:17  Marine  
  43  4:20  SCV  
  45  4:30  Barracks Tech Lab  
  45  4:31  Barracks Tech Lab  
  45  4:32  Marine  
  45  4:33  Marine x3  
  41  4:58  Stimpack  
  41  5:00  Combat Shields  
  41  5:07  Engineering Bay  
  41  5:09  SCV  
  42  5:25  Command Center  
  42  5:32  SCV  
  43  5:36  Supply Depot  
  43  5:37  Terran Infantry Weapons Level 1  
  43  5:42  Marauder x2  
  47  5:52  SCV  
  48  6:04  SCV  
  48  6:09  Marauder  
  48  6:10  Marine x4, Marauder x2  
  59  6:13  Marine  
  59  6:16  SCV  
  61  6:36  SCV  
  61  6:37  Marauder x2  
  61  6:38  Marine x3, Marauder  
  71  6:48  Orbital Command  
  71  6:50  SCV  
  72  7:06  SCV  
  73  7:22  Supply Depot  
  73  7:24  Concussive Shells  
  73  7:27  Marauder x2  
  73  7:28  Marine, Marauder  
  73  7:29  Marine x4  
  84  7:31  Terran Infantry Armor Level 1, Marine  
  85  7:44  Supply Depot  
  85  7:46  Marine  
  85  7:47  Marine x3  
  85  7:48  Marine  
  85  7:49  Marauder x2  
  94  7:56  Marauder  
  96  8:07  Supply Depot  
  96  8:10  Marauder x2  
  100  8:16  Command Center  
  83  8:30  Supply Depot  
  83  8:31  Marauder x2  
  83  8:32  Marine, Marauder  
  83  8:33  Marine x4  
  94  8:39  SCV x2  
  96  8:52  Marauder  
  96  8:54  SCV x2  
  100  8:56  Marauder  
  100  8:57  Marine x3  
  100  8:58  Marine x4  
  109  9:08  SCV x2  
  111  9:13  Marine  
  111  9:15  Marine  
  113  9:21  Marauder x2  
  113  9:22  Marine x3  
  113  9:23  Marine x2  
  122  9:31  Marine  
  123  9:35  Supply Depot  
  123  9:36  SCV x2  
  123  9:37  Orbital Command  
  125  9:57  Supply Depot, Marauder x2  
  125  9:58  Marine x6, Marauder  
  137  10:15  Marine  
  137  10:16  Marine x5  
  137  10:18  Marine x2  
  89  10:31  Marauder  
  83  10:36  Marauder  
  85  10:44  SCV x3  
  85  10:45  Marine  
  85  10:46  Marine x6  
  95  10:52  Marine  
  96  10:57  SCV x2  
  96  10:58  SCV  
  99  11:07  Marine x3, Marauder x2  
  99  11:08  Marine x3  
  99  11:10  Marine  
  110  11:24  Supply Depot  
  110  11:30  Barracks  
  110  11:32  Barracks, Marine x3, Marauder x3  
  117  11:33  Marine x3  
  99  11:47  Supply Depot  
  99  11:50  Marine x2  
  99  11:53  Marine x4, Marauder x3  
  107  12:08  Marine x2  
  108  12:09  Supply Depot  
  108  12:14  Marauder  
  108  12:15  Marauder  
  115  12:16  Marine x5  
  115  12:20  Barracks Reactor  
  115  12:21  Barracks x2  
  111  12:27  Command Center  
  90  12:35  Marauder  
  90  12:36  Marauder x2  
  88  12:37  Barracks Tech Lab  
  88  12:38  Marine x3  
  88  12:39  Marine x3  
  94  12:50  SCV  
  95  12:56  Marauder  
  95  12:57  SCV, Marauder  
  95  12:58  SCV  
  101  13:02  SCV  
  101  13:05  Marauder x2  
  106  13:06  Marine  
  106  13:07  Marine x6  
  106  13:08  Marine  
  114  13:14  Barracks Tech Lab  
  114  13:15  Barracks Tech Lab  
  114  13:18  Marauder  
  114  13:19  Marauder  
  118  13:24  Marine x2  
  118  13:25  Marine x3  
  118  13:26  Marauder  
  127  13:27  Marauder  
  127  13:32  Marine x2  
  127  13:33  Marine x2  
  131  13:35  Marauder  
  131  13:39  Orbital Command, Marauder  
  131  13:40  Marauder  
  137  13:48  Marauder x2  
  141  13:51  Marauder  
  141  13:54  SCV  
  141  13:55  SCV x2  
  146  13:57  Marauder  
  146  13:58  Marine  
  146  14:01  Marauder x2  
  144  14:09  Marauder x2  
  97  14:19  Marauder  
  97  14:20  Marauder  
  97  14:21  Marine x2  
  97  14:22  Marine, Marauder  
  97  14:23  Marauder  
  107  14:31  Marauder x2  
  111  14:41  Marauder  
  113  14:53  Marauder x3  
  113  14:54  Marauder x2  
  113  14:55  Marine x5  
  113  14:56  Marine x3  
  131  15:02  Marine  
  132  15:07  Barracks  
  132  15:08  Barracks x2  
  132  15:09  Command Center  
  132  15:11  Barracks  
  132  15:14  SCV x3  
  132  15:15  SCV  
  136  15:23  Marauder  
  136  15:24  Marauder x4  
  136  15:25  Marine x6, Marauder  
  136  15:26  Marine x2  
  156  15:47  Marauder  
  156  15:48  Marauder x5  
  156  15:49  Marine x5  
  136  15:57  Barracks  
  112  16:24  Marauder  
  112  16:25  Barracks Tech Lab x3, Marauder  
  99  16:26  Barracks Tech Lab  
  99  16:28  Marine, Marauder x4  
  99  16:29  Marine x7  
  115  16:35  Orbital Command  
  113  16:45  Marine  
  96  16:54  Marauder x6  
  98  16:55  Marauder x2  
  98  16:56  Marine x7, Marauder  
  98  16:57  Marine  
  105  17:03  Marine  
  105  17:06  SCV  
  107  17:15  Marine x5, Marauder x4  
  118  17:16  Marine x4, Marauder  
  118  17:17  Marine x3  
  118  17:18  SCV  
  118  17:21  Marine  
  131  17:28  Refinery  
  131  17:30  SCV  
  131  17:31  Refinery  
  131  17:35  Marauder x4  
  140  17:55  Marauder x3  
  140  17:56  Marauder x2  
  140  17:57  Marauder  
  102  18:13  Marauder  
  102  18:14  Marine x5, Marauder x3  
  102  18:15  Marine x3  
  102  18:16  Marine x2  
  114  18:24  Marauder x3  
  114  18:25  Marine  
  120  18:32  Marine x6  
  120  18:33  Marine  
  111  18:39  Marauder x4  
  113  18:41  Marine x3  
  113  18:42  Marine  
  117  18:51  Marauder x2  
  117  18:52  Marine x3, Marauder  
  117  18:53  Marine x4  
  123  19:18  Marauder x7  
  123  19:19  Marauder x2  
  116  19:31  Marauder  
  95  19:32  Marine x5  
  95  19:33  Marine x3  
  95  19:36  Command Center  
  97  19:39  Marine x2, Marauder x2  
  84  20:07  Marauder x4  
  84  20:08  Marauder x4  
  84  20:09  Marine x4  
  84  20:10  Marine x6  
  108  20:27  Marine  
  108  20:37  Marine x3  
  108  20:38  Marine x7  
  108  20:39  Marine x6  
  49  21:23  Orbital Command  
  42  21:29  Marine x3  
  42  21:30  Orbital Command, Marine x7  
  42  21:31  Marine x7  
  42  21:32  Marine  
  49  21:38  Barracks Tech Lab  
  48  21:47  Marine x4  
  48  21:48  Marine x2  
  54  22:01  Marine  
  54  22:02  Marine x7  
  54  22:03  Marine x3  
  65  22:29  Marine  
  65  22:30  Marine x7  
  65  22:31  Marine x7  
  65  22:32  Marine  
  75  23:37  Marine x8  
  75  23:38  Marine x7  
  75  23:39  Marine x3  
  92  23:54  Marine x2  
  63  23:56  Marauder x4  
  63  23:57  Marauder x2  
  63  23:59  Marine x3  
  63  24:00  Marine  
Show
View Real Time Build Order
Export as new Build Order

Plaguemessia Terran - Winner!

Build Orders:  

Get SALT Encoding   

  12  0:03  SCV  
  13  0:15  Supply Depot  
  13  0:30  SCV  
  14  0:42  Barracks  
  14  0:49  Refinery  
  14  0:52  SCV  
  15  1:23  Command Center  
  15  1:24  SCV  
  16  1:36  Marine  
  17  1:45  Bunker  
  17  1:50  SCV  
  18  1:54  Marine  
  19  2:03  SCV  
  20  2:11  Factory  
  20  2:12  Marine  
  21  2:30  Barracks  
  21  2:34  Refinery, SCV  
  22  2:47  SCV  
  23  2:59  SCV  
  23  3:01  Factory Tech Lab  
  23  3:03  Barracks Reactor  
  24  3:11  SCV  
  25  3:16  Supply Depot  
  25  3:20  Orbital Command  
  25  3:23  SCV  
  26  3:32  Siege Tank  
  29  3:39  SCV  
  30  3:48  Barracks Tech Lab  
  30  3:51  SCV  
  31  3:57  Starport  
  31  4:03  SCV  
  31  4:09  Marine x3  
  35  4:15  SCV  
  36  4:27  Marine  
  37  4:34  Stimpack  
  37  4:35  Siege Tank  
  37  4:37  Marine x2  
  42  4:45  Marine  
  43  4:55  Marine x2  
  45  5:02  Marine  
  45  5:04  Supply Depot  
  46  5:15  Supply Depot  
  46  5:25  Medivac, SCV, Marine  
  50  5:33  Engineering Bay  
  50  5:38  SCV  
  51  5:47  Command Center  
  51  5:49  Marine  
  52  5:50  SCV  
  52  5:51  Marine  
  54  5:57  Medivac  
  54  6:01  Marine  
  57  6:13  Terran Infantry Weapons Level 1  
  57  6:14  Missile Turret  
  57  6:17  Marine x2  
  59  6:19  Marine  
  60  6:35  Marine x2  
  62  6:40  Missile Turret  
  62  6:57  Supply Depot  
  62  6:58  Starport Reactor  
  62  6:59  SCV, Siege Tank, Marine x3  
  69  7:16  Marine x2  
  69  7:17  Marine  
  72  7:35  Orbital Command  
  72  7:38  Marine x3  
  75  7:46  Siege Tank  
  78  7:56  Marine x3  
  78  7:57  Medivac  
  83  8:13  Marine  
  83  8:14  Marine  
  83  8:17  Marauder  
  75  8:21  Liberator  
  55  8:31  Marine x2  
  57  8:34  Siege Tank  
  57  8:37  Barracks  
  57  8:39  Marauder  
  65  8:45  Missile Turret  
  65  8:48  Terran Infantry Armor Level 1  
  65  8:49  Marine x2  
  65  8:53  Engineering Bay  
  65  8:54  Liberator  
  67  9:00  Marauder  
  69  9:07  Barracks, Marine x2, Siege Tank  
  77  9:20  Planetary Fortress  
  77  9:21  Marine  
  78  9:25  Marine  
  79  9:34  Refinery  
  79  9:37  Refinery  
  79  9:44  SCV  
  80  9:57  SCV  
  80  9:59  Marine x3  
  84  10:05  Barracks Reactor  
  84  10:09  SCV  
  84  10:11  Barracks Reactor  
  85  10:14  Barracks  
  85  10:19  Barracks  
  85  10:22  SCV, Marine x2  
  85  10:24  Marine  
  77  10:34  SCV  
  77  10:40  Marine x2  
  77  10:42  Marine  
  80  10:44  Marine x2  
  82  10:57  Marine x2  
  82  10:59  Marine  
  85  11:05  Armory  
  85  11:11  Barracks Reactor  
  85  11:13  Barracks Reactor  
  85  11:24  Factory  
  85  11:29  Supply Depot  
  85  11:42  Marine x7  
  85  11:43  Siege Tank  
  66  11:53  SCV  
  61  11:57  Supply Depot  
  61  11:58  Terran Infantry Weapons Level 2  
  61  11:59  Marine x2  
  61  12:00  Terran Infantry Armor Level 2, Marine x3  
  66  12:04  Marine x6  
  66  12:05  SCV  
  73  12:15  Siege Tank  
  76  12:17  Factory Tech Lab, SCV, Marine  
  76  12:18  Marauder  
  76  12:19  Starport  
  79  12:29  SCV  
  62  12:33  Marine x5  
  62  12:34  Marine x4  
  62  12:35  Marine  
  71  12:39  Marine  
  71  12:41  SCV  
  73  12:47  Siege Tank  
  76  12:53  SCV  
  76  12:56  Marine x4  
  76  12:57  Marine x3, Marauder  
  86  13:01  Starport Tech Lab  
  86  13:05  SCV  
  87  13:19  Marine, Marauder  
  89  13:20  Marine x6  
  89  13:22  Medivac  
  89  13:23  Medivac  
  100  13:34  Supply Depot  
  100  13:38  Liberator  
  100  13:40  Fusion Core  
  100  13:44  Supply Depot, SCV  
  101  13:55  Marine x5  
  101  14:02  Marine  
  109  14:03  SCV  
  92  14:11  Siege Tank x2  
  92  14:15  SCV  
  99  14:23  Marine x7  
  99  14:24  Marine x4  
  106  14:27  SCV  
  111  14:33  Refinery  
  111  14:35  Refinery  
  111  14:39  SCV  
  111  14:40  Marine  
  111  14:41  Marine x3  
  111  14:43  Marine  
  117  15:08  Supply Depot  
  117  15:12  Supply Depot  
  117  15:29  Medivac, Marine x5  
  117  15:30  SCV  
  117  15:33  Medivac x2, Marine x4  
  133  15:48  Marine  
  133  15:49  Marine, Siege Tank  
  133  15:50  Marine x2  
  133  15:51  SCV, Marine  
  99  16:00  Marine x6  
  99  16:03  SCV  
  84  16:06  Marine, Siege Tank  
  84  16:07  Marine x2  
  90  16:12  Marine x2  
  90  16:13  Liberator  
  90  16:17  Marine  
  90  16:18  Marine x5  
  91  16:21  Siege Tank  
  91  16:24  Marine  
  91  16:25  Marine x2  
  95  16:30  Marine x2  
  101  16:38  Siege Tank  
  104  16:47  Marine x5  
  104  16:48  Marine x5  
  114  17:01  Marine  
  115  17:05  Marine x6  
  121  17:15  Marine x4  
  122  17:19  Marine  
  126  17:22  Marine  
  126  17:23  Marine x3  
  116  18:14  Marine x3  
  116  18:15  Marine x6  
  116  18:16  Marine x2  
  127  18:29  Terran Infantry Armor Level 3  
  127  18:32  Marine x4  
  127  18:33  Marine x6  
  133  18:35  Marine  
  133  19:21  Marine x4  
  133  19:23  Marine  
  133  19:24  Orbital Command  
  133  19:26  Marine  
  133  19:28  Marine  
  133  19:43  Marine  
  133  19:44  Marine x2  
  133  19:45  Marine  
  133  19:46  Marine  
  133  19:47  Marine  
  133  19:48  Marine  
  133  20:00  Marine  
  133  20:11  Terran Infantry Weapons Level 3  
  133  20:22  Supply Depot  
  133  20:26  Supply Depot  
  133  20:43  Siege Tank, Marine x5  
  133  20:47  Marine x6  
  121  21:01  Marine x3  
  106  21:05  Marine x2  
  106  21:08  Siege Tank  
  111  21:15  Siege Tank  
  106  21:35  Marine x2  
  106  21:36  Marine x5  
  106  21:37  Marine x4  
  117  21:40  Siege Tank  
  117  21:41  SCV  
  121  21:53  SCV  
  122  22:03  Marine x2  
  122  22:04  Marine x3  
  122  22:05  Liberator x2, SCV  
  128  22:17  SCV  
  128  22:21  Marine x5  
  137  22:24  Medivac  
  137  22:29  SCV  
  143  22:32  Supply Depot x2  
  143  22:41  SCV  
  144  23:11  Marine x2  
  144  23:12  Marine x7  
  151  23:13  Marine x2  
  151  23:18  SCV  
  156  23:29  Marine x4  
  156  23:30  Marine x5  
Tags
 
Add a new tag
Caveats
  • Supply blocks, unpowered buildings, or Contaminate may cause inaccurate times.
  • Supply counts are checked every 10 seconds.